AoeStats
← PERSA Y PERONISTA

Arabia

506270660Analyzed
4v4 RM · 21d ago on Sep 13, 2026· 53m 19s· 8 players
Game mode
Random Map
Map size
Large (8 player)
Population
200
Speed
Normal
Resources
Standard
Victory
Conquest
Starting age
Dark Age
Ending age
Imperial Age
RankedLock teamsTeams togetherTeam positionsShared explorationLock speedFull tech treeHidden civsTurbo modeCheats
Victory
Defeat
🇨🇴 Shu · Colombia
1397
+8
🇨🇴 Khmer · Colombia
1318
+11
🇨🇴 Poles · Colombia
1284
+12
🇨🇦 Goths · Canada
837
+29
🇦🇷 Persians · Argentina
1402
-22
🇦🇷 Franks · Argentina
1256
-17
🇦🇷 Bengalis · Argentina
1238
-16
🇦🇷 Khmer · Argentina
875
-9
Guidownk
6:29 Loom
9:13 Feudal Age
9:43 Double-Bit Axe
10:03 Horse Collar
11:36 Town Watch
11:43 Town Watch
17:23 Wheelbarrow
21:34 Castle Age
19:43 Gold Mining
20:50 Bloodlines
20:56 Fletching
21:38 Padded Archer Armor
22:15 Bodkin Arrow
27:50 Husbandry
29:23 Bow Saw
32:47 Ballistics
38:11 Murder Holes
41:42 Imperial Age
39:34 Paiks
41:35 Scale Barding Armor
42:08 Masonry
48:39 Scale Mail Armor
PERSA Y PERONISTA
3:17 Loom
Böber
6:29 Loom
9:26 Feudal Age
10:02 Double-Bit Axe
16:40 Gold Mining
21:19 Castle Age
20:23 Scale Barding Armor
20:29 Forging
21:28 Wheelbarrow
22:23 Husbandry
25:07 Town Watch
25:46 Bow Saw
26:11 Chain Barding Armor
29:06 Iron Casting
31:49 Stone Mining
35:33 Hand Cart
43:56 Imperial Age
43:27 Scale Mail Armor
43:17 Fletching
45:03 Conscription
44:49 Chivalry
45:35 #83
45:02 Cavalier
45:46 Chivalry
46:33 Plate Barding Armor
46:53 Ballistics
46:29 Murder Holes
47:52 Gold Shaft Mining
48:20 Blast Furnace
47:51 Paladin
49:18 Bodkin Arrow
50:26 Chemistry
49:34 Elite Throwing Axeman
50:33 Chain Mail Armor
Quique, el Cuis !
3:34 Loom
12:38 Feudal Age
24:46 Castle Age
26:23 Gold Mining
26:24 Stone Mining
26:24 Double-Bit Axe
26:22 Horse Collar
32:02 Gold Shaft Mining
32:02 Stone Shaft Mining
31:30 Heavy Plow
32:31 Scale Barding Armor
32:40 Forging
39:39 Imperial Age
39:53 Cavalier
49:00 Chain Barding Armor
crsstphrwekasldks
8:17 Loom
10:37 Feudal Age
16:04 Forging
18:21 Man-at-Arms
19:21 Scale Mail Armor
37:01 Castle Age
36:20 Double-Bit Axe
37:03 Pikeman
38:21 Iron Casting
37:35 Horse Collar
38:51 Bow Saw
40:24 Chain Mail Armor
43:22 Squires
45:54 Wheelbarrow
49:33 Imperial Age
47:18 Hand Cart
47:13 Stone Mining
49:39 Halberdier
51:32 Blast Furnace
53:14 Anarchy
53:21 Perfusion
AMartinez__
9:56 Feudal Age
16:04 Bloodlines
17:23 Forging
25:36 Castle Age
24:15 Double-Bit Axe
25:04 Scale Barding Armor
27:30 Iron Casting
27:15 Chain Barding Armor
40:21 Imperial Age
41:27 Wheelbarrow
40:37 Town Watch
41:28 Husbandry
40:48 Cavalier
43:26 Blast Furnace
43:55 Hand Cart
43:26 Loom
46:55 Plate Barding Armor
46:51 Elite Battle Elephant
Zell
4:59 Loom
10:01 Feudal Age
11:01 Double-Bit Axe
12:14 Town Watch
14:20 Horse Collar
18:07 Wheelbarrow
21:42 Castle Age
19:51 Stone Mining
21:10 Scale Mail Armor
21:49 Forging
21:46 Pikeman
22:54 Bow Saw
25:15 Squires
25:53 Fletching
26:38 Heavy Plow
27:33 Bodkin Arrow
35:37 Chain Mail Armor
39:49 Imperial Age
38:38 Iron Casting
38:24 Szlachta Privileges
39:03 Bloodlines
38:53 Husbandry
39:00 Scale Barding Armor
44:38 Chain Barding Armor
46:47 Conscription
45:49 Elite Obuch
46:28 Arson
47:26 Plate Mail Armor
48:58 Blast Furnace
49:23 Lechitic Legacy
49:31 Hand Cart
48:38 Light Cavalry
49:33 Winged Hussar
RetroAge412
7:15 Loom
10:31 Feudal Age
23:01 Fletching
31:56 Castle Age
30:56 Padded Archer Armor
35:03 Bodkin Arrow
42:24 Wheelbarrow
41:49 Town Watch
43:47 Double-Bit Axe
52:23 Atonement
Connection lost

Rejoining the realm…

Still unreachable

The connection could not be restored.

Session expired

The server has moved on; the page needs a fresh start.